Blackdemons vs Mustangs
(R2)
Created - May 22, 2019 at 19:00
Goals
|
Blackdemons |
2 |
2 |
3 |
7 |
Mustangs |
2 |
0 |
0 |
2 |
|
Shots
|
Blackdemons |
20 |
6 |
13 |
39 |
Mustangs |
9 |
8 |
12 |
29 |
|
1st period
1. Mustangs , Melker Karlsson 6 (Alexei Marchenko 4) at 4:43
2. Mustangs , Teuvo Teravainen 3 (Melker Karlsson 7, Andrew Shaw 4) at 11:25
3. Blackdemons , Martin Hanzal 3 (Jeffrey Foss 3, Sergei Plotnikov 3) at 17:00
4. Blackdemons , Blake Pietila 1 (Patrice Cormier 2, Alexandre Grenier 5) at 18:01
Penalties :
Yannick Weber (MJM) for Roughing (Minor) at 6:54, Joshua Leivo (Ham) for Slashing (Minor) at 13:56
2nd period
5. Blackdemons , Patrice Cormier 4 (Yannick Weber 6, Alexandre Grenier 6) at 11:53
6. Blackdemons , Alexei Morozov 5 (Zachary Sanford 5, Kyle Rau 9) at 19:05
Penalties :
JT Compher (Ham) for Hooking (Minor) at 0:32, Josh Jooris (Ham) for Interference (Minor) at 0:55, Brett Kulak (MJM) for Roughing (Minor) at 5:56, Brett Kulak (MJM) for High sticking (Minor) at 14:55
3rd period
7. Blackdemons , Scott Timmins 2 (Ladislav Nagy 3) at 0:56
8. Blackdemons , Martin Hanzal 4 (Sergei Plotnikov 4) at 2:37
9. Blackdemons , Ladislav Nagy 10 (Scott Timmins 3) at 7:26
Penalties :
Damon Severson (Ham) for Fighting (Major) at 7:33, Keaton Ellerby (MJM) for Fighting (Major) at 7:33, Andrew Shaw (Ham) for Roughing (Minor) at 7:38, Derek Joslin (Ham) for Cross-checking (Minor) at 11:46, Brady Skjei (Ham) for Fighting (Major) at 15:23, Yannick Weber (MJM) for Fighting (Major) at 15:23, Teuvo Teravainen (Ham) for Fighting (Major) at 15:26, Alexandre Grenier (MJM) for Fighting (Major) at 15:26, Michael McCarron (Ham) for Hooking (Minor) at 17:52
Goalie Stats
Laurent Brossoit (MJM), 27 saves from 29 shots - (0.931), W, 1-0-0, 60:00 minutes
Chet Pickard (Ham), 6 saves from 6 shots - (1.000), 12:34 minutes
Joacim Eriksson (Ham), 26 saves from 33 shots - (0.788), L, 1-1-0, 47:26 minutes
Players Stats for Blackdemons
Player Name G A P +/- PIM S H SB GA TA FO MP PP MP PK MP
------------------------------------------------------------------------------------
Alexandre Grenier 0 2 2 1 5 4 0 0 0 0 2/2 17:23 4:10 0:00
Alexei Morozov 1 0 1 1 0 8 1 2 0 0 0/0 18:05 5:08 0:00
Blake Pietila 1 0 1 1 0 1 2 1 1 0 1/1 19:05 4:58 0:17
Brett Kulak 0 0 0 -1 4 0 1 1 0 1 0/0 11:18 0:20 0:04
Hudson Fasching 0 0 0 1 0 0 0 0 0 0 0/0 10:14 0:33 0:00
James Livingstone 0 0 0 2 0 1 0 0 0 0 1/1 6:46 0:00 0:00
Jeffrey Foss 0 1 1 3 0 1 2 0 1 0 0/0 21:01 5:22 2:49
Keaton Ellerby 0 0 0 2 5 1 3 0 1 0 0/0 24:13 3:23 3:29
Kyle Rau 0 1 1 1 0 1 0 0 1 0 11/18 21:32 5:03 3:03
Ladislav Nagy 1 1 2 1 0 6 1 0 1 0 0/0 12:15 0:00 2:37
Martin Hanzal 2 0 2 2 0 3 1 1 0 0 1/3 6:46 0:00 0:00
Matt Grzelcyk 0 0 0 1 0 1 0 0 0 0 0/0 6:46 0:00 3:04
Patrice Cormier 1 1 2 1 0 5 2 0 1 0 18/37 20:30 4:58 2:37
Robbie Russo 0 0 0 3 0 0 1 1 0 1 0/0 10:50 0:00 0:00
Roman Josi 0 0 0 -1 0 0 2 1 1 1 0/0 16:37 4:56 0:00
Scott Timmins 1 1 2 1 0 1 0 0 0 0 5/7 12:16 0:44 0:17
Sergei Plotnikov 0 2 2 2 0 4 0 0 0 0 0/0 9:58 0:17 3:03
Tommy Vannelli 0 0 0 1 0 0 0 0 0 0 0/0 8:02 2:26 0:47
Yannick Weber 0 1 1 2 7 1 0 1 0 0 0/0 21:38 4:09 1:41
Zachary Sanford 0 1 1 1 0 1 0 1 1 0 0/1 18:42 5:03 0:00
Players Stats for Mustangs
Player Name G A P +/- PIM S H SB GA TA FO MP PP MP PK MP
------------------------------------------------------------------------------------
Alexei Marchenko 0 1 1 0 0 1 2 2 0 0 0/0 23:27 2:30 5:35
Andrew Shaw 0 1 1 0 2 4 5 2 2 0 0/0 18:35 3:05 1:41
Brady Skjei 0 0 0 -2 5 2 1 2 0 0 0/0 26:38 3:27 5:31
Curtis Hamilton 0 0 0 -2 0 0 0 0 0 0 0/0 7:22 0:00 0:10
Damon Severson 0 0 0 -2 5 2 2 4 0 1 0/0 25:55 3:27 4:23
Derek Joslin 0 0 0 -3 2 0 0 1 0 0 0/0 13:09 0:00 1:14
Jerome Samson 0 0 0 -2 0 1 0 0 0 1 0/0 7:39 0:05 0:00
Jim O'Brien 0 0 0 -2 0 2 1 0 0 0 5/11 18:23 2:47 2:31
Josh Jooris 0 0 0 -2 2 3 3 0 0 1 2/2 21:16 2:47 4:44
Joshua Leivo 0 0 0 -1 2 1 1 0 0 0 0/0 12:09 0:05 1:49
JT Compher 0 0 0 -2 2 1 1 1 0 0 1/2 15:30 2:47 0:17
Mark Pysyk 0 0 0 0 0 2 2 0 1 3 0/0 18:47 2:30 2:59
Melker Karlsson 1 1 2 0 0 2 0 1 0 0 20/42 23:48 3:05 5:58
Michael McCarron 0 0 0 -2 2 0 2 0 0 1 2/5 7:12 0:00 0:00
Pascal Dupuis 0 0 0 -1 0 0 0 1 0 0 0/0 8:14 0:00 0:00
Scott Mayfield 0 0 0 -3 0 0 1 0 0 0 0/0 12:26 0:00 0:55
Stefan Matteau 0 0 0 -1 0 4 1 0 0 0 1/7 11:18 0:05 1:49
Teuvo Teravainen 1 0 1 0 5 4 0 0 0 1 0/1 16:10 3:05 0:00
3 Stars
1 - Martin Hanzal (MJM)
2 - Patrice Cormier (MJM)
3 - Ladislav Nagy (MJM)
Power Play
Blackdemons - 0 on 6 Attempt(s) - 0.00%
Mustangs - 0 on 3 Attempt(s) - 0.00%
Penalty Kill
Blackdemons - 3 on 3 Attempt(s) - 100.00%
- Score 0 goal in Penalty Kill
Mustangs - 6 on 6 Attempt(s) - 100.00%
- Score 0 goal in Penalty Kill
Team Stat
Blackdemons - Hits : 16 - Faceoff Wins : 39 - Blocked Shots : 9 - Penalty Minutes : 21
Mustangs - Hits : 22 - Faceoff Wins : 31 - Blocked Shots : 14 - Penalty Minutes : 27
Official
Referees : Unknown
Linesman : Unknown
Game Notes
19:05 of 2nd period - Blackdemons goal is going for a video replay. After video review, Goal.
Chet Pickard enters game at 7:26 of 3rd period
Damon Severson and Keaton Ellerby fight to a draw at 7:33 of 3rd period
Brady Skjei and Yannick Weber fight to a draw at 15:23 of 3rd period
Teuvo Teravainen beats up Alexandre Grenier at 15:26 of 3rd period
Finance
Level 1 -- Attendance: 2000 (100.00%) -- Ticket Income $80,000
Level 2 -- Attendance: 945 (94.50%) -- Ticket Income $18,900
Total Attendance: 2945 (98.17%)
Total Ticket Income: $98,900
Other Income: $4,945
Total Income: $103,845
Blackdemons
5 vs 5 Forward
Center Left Wing Right Wing Time % Phy DF OF
1 Patrice Cormier Blake Pietila Alexandre Grenier 34 0 1 4
2 Kyle Rau Zachary Sanford Alexei Morozov 34 0 1 4
3 Scott Timmins Ladislav Nagy Hudson Fasching 22 0 2 3
4 Martin Hanzal Sergei Plotnikov James Livingstone 10 0 1 4
5 vs 5 Defense
Defense Defense Time % Phy DF OF
1 Keaton Ellerby Yannick Weber 40 0 4 1
2 Jeffrey Foss Robbie Russo 30 0 4 1
3 Brett Kulak Roman Josi 22 0 5 0
4 Matt Grzelcyk Tommy Vannelli 8 0 5 0
PowerPlay Forward
Center Left Wing Right Wing Time % Phy DF OF
1 Patrice Cormier Blake Pietila Alexei Morozov 50 0 0 5
2 Kyle Rau Zachary Sanford Alexandre Grenier 50 0 0 5
PowerPlay Defense
Defense Defense Time % Phy DF OF
1 Jeffrey Foss Yannick Weber 50 0 1 4
2 Keaton Ellerby Roman Josi 50 0 1 4
Penalty Kill 4 Players Forward
Center Wing Time % Phy DF OF
1 Patrice Cormier Ladislav Nagy 50 0 5 0
2 Kyle Rau Sergei Plotnikov 50 0 5 0
Penalty Kill 4 Players Defense
Defense Defense Time % Phy DF OF
1 Yannick Weber Jeffrey Foss 50 0 5 0
2 Matt Grzelcyk Keaton Ellerby 50 0 5 0
Penalty Kill - 3 Players Forward
Forward Time % Phy DF OF
1 Patrice Cormier 60 0 5 0
2 Kyle Rau 40 0 5 0
Penalty Kill - 3 Players Defense
Defense Defense Time % Phy DF OF
1 Yannick Weber Matt Grzelcyk 60 0 5 0
2 Jeffrey Foss Keaton Ellerby 40 0 5 0
4 vs 4 Forward
Center Wing Time % Phy DF OF
1 Kyle Rau Hudson Fasching 50 1 2 2
2 Ladislav Nagy Patrice Cormier 50 1 2 2
4 vs 4 Defense
Defense Defense Time % Phy DF OF
1 Keaton Ellerby Robbie Russo 50 1 2 2
2 Yannick Weber Jeffrey Foss 50 1 2 2
Last Minutes Offensive
Center Left Wing Right Wing Defense Defense
Patrice Cormier Ladislav Nagy Alexei Morozov Jeffrey Foss Keaton Ellerby
Last Minutes Defensive
Center Left Wing Right Wing Defense Defense
Patrice Cormier Ladislav Nagy Alexei Morozov Jeffrey Foss Keaton Ellerby
Goaltenders
Starting : Laurent Brossoit
Backup : Matt Hackett
Extra Forwards
Normal : Patrice Cormier, Scott Timmins, Ladislav Nagy - PP : Kyle Rau, Scott Timmins - PK : Patrice Cormier
Extra Defensemen
Normal : Yannick Weber, Keaton Ellerby, Jeffrey Foss - PP : Yannick Weber - PK : Keaton Ellerby, Jeffrey Foss
Penalty Shots
Ladislav Nagy, Sergei Plotnikov, Hudson Fasching, Zachary Sanford, Alexandre Grenier
Scratches
Max Friberg (Sprained Right Finger Injury), Christophe Lalancette (Healthy), Charles-Olivier Roussel (Healthy), Klas Dahlbeck (Healthy), Remi Elie (Healthy)
Jyrki Jokipakka (Healthy), Mackenzie MacEachern (Healthy), Ben Maxwell (Healthy), Nicolas Deschamps (Healthy), Angelo Esposito (Healthy)
Jacob Lagacé (Healthy), Ebbe Siönäs (Healthy), Sami Aittokallio (Healthy), Jeremy Smith (Healthy)
Mustangs
5 vs 5 Forward
Center Left Wing Right Wing Time % Phy DF OF
1 Melker Karlsson Teuvo Teravainen Andrew Shaw 40 1 2 2
2 Jim O'Brien JT Compher Josh Jooris 30 1 2 2
3 Stefan Matteau Joshua Leivo Pascal Dupuis 20 1 2 2
4 Michael McCarron Curtis Hamilton Jerome Samson 10 1 2 2
5 vs 5 Defense
Defense Defense Time % Phy DF OF
1 Brady Skjei Damon Severson 44 1 2 2
2 Alexei Marchenko Mark Pysyk 33 1 2 2
3 Derek Joslin Scott Mayfield 23 1 2 2
4 Brady Skjei Damon Severson 0 1 2 2
PowerPlay Forward
Center Left Wing Right Wing Time % Phy DF OF
1 Melker Karlsson Teuvo Teravainen Andrew Shaw 60 1 2 2
2 Jim O'Brien JT Compher Josh Jooris 40 1 2 2
PowerPlay Defense
Defense Defense Time % Phy DF OF
1 Brady Skjei Damon Severson 60 1 2 2
2 Alexei Marchenko Mark Pysyk 40 1 2 2
Penalty Kill 4 Players Forward
Center Wing Time % Phy DF OF
1 Melker Karlsson Josh Jooris 60 1 2 2
2 Jim O'Brien Andrew Shaw 40 1 2 2
Penalty Kill 4 Players Defense
Defense Defense Time % Phy DF OF
1 Brady Skjei Damon Severson 60 1 2 2
2 Alexei Marchenko Mark Pysyk 40 1 2 2
Penalty Kill - 3 Players Forward
Forward Time % Phy DF OF
1 Melker Karlsson 60 1 2 2
2 Jim O'Brien 40 1 2 2
Penalty Kill - 3 Players Defense
Defense Defense Time % Phy DF OF
1 Brady Skjei Damon Severson 60 1 2 2
2 Alexei Marchenko Mark Pysyk 40 1 2 2
4 vs 4 Forward
Center Wing Time % Phy DF OF
1 Melker Karlsson Teuvo Teravainen 60 1 2 2
2 Jim O'Brien JT Compher 40 1 2 2
4 vs 4 Defense
Defense Defense Time % Phy DF OF
1 Brady Skjei Damon Severson 60 1 2 2
2 Alexei Marchenko Mark Pysyk 40 1 2 2
Last Minutes Offensive
Center Left Wing Right Wing Defense Defense
Melker Karlsson Teuvo Teravainen Andrew Shaw Brady Skjei Damon Severson
Last Minutes Defensive
Center Left Wing Right Wing Defense Defense
Melker Karlsson Teuvo Teravainen Josh Jooris Brady Skjei Alexei Marchenko
Goaltenders
Starting : Joacim Eriksson
Backup : Chet Pickard
Extra Forwards
Normal : Melker Karlsson, Jim O'Brien, Stefan Matteau - PP : Josh Jooris, Teuvo Teravainen - PK : Josh Jooris
Extra Defensemen
Normal : Brady Skjei, Alexei Marchenko, Derek Joslin - PP : Brady Skjei - PK : Brady Skjei, Alexei Marchenko
Penalty Shots
Jim O'Brien, Teuvo Teravainen, Josh Jooris, Joshua Leivo, Stefan Matteau
Scratches
Ryan Graves (Healthy), Eric Knodel (Healthy), Matthew Finn (Healthy), Danny Biega (Healthy), Ben Harpur (Healthy)
Kurtis Gabriel (Healthy), Raphael Bussieres (Healthy), Dakota Mermis (Healthy), Sam Kurker (Healthy), Max Gortz (Healthy)
Riley Nash (Healthy), Francis Paré (Healthy), Anthony Stolarz (Healthy)
% Time on Ice - Blackdemons
Lines # - Real PCT - Wanted PCT - Time Play
Normal Forward
1 - 30% - 34% - 13:14
2 - 32% - 34% - 14:12
3 - 22% - 22% - 9:33
4 - 15% - 10% - 6:46
Normal Defense
1 - 40% - 40% - 17:32
2 - 29% - 30% - 12:49
3 - 22% - 22% - 9:50
4 - 8% - 8% - 3:34
PP Forward
1 - 48% - 50% - 4:58
2 - 52% - 50% - 5:20
PP Defense
1 - 52% - 50% - 5:22
2 - 48% - 50% - 4:56
PK Forward
1 - 48% - 50% - 2:50
2 - 52% - 50% - 3:07
PK Defense
1 - 48% - 50% - 2:53
2 - 52% - 50% - 3:04
PK3 Forward
1 - 0% - 60%
2 - 0% - 40%
PK3 Defense
1 - 0% - 60%
2 - 0% - 40%
44 Forward
1 - 0% - 50%
2 - 0% - 50%
44 Defense
1 - 0% - 50%
2 - 0% - 50%
Last Minute Offensive - 0:00
Last Minute Defensive - 0:00
Total
Forward - 60:00
Defense - 60:00
|
% Time on Ice - Mustangs
Lines # - Real PCT - Wanted PCT - Time Play
Normal Forward
1 - 36% - 40% - 15:51
2 - 28% - 30% - 12:28
3 - 19% - 20% - 8:14
4 - 16% - 10% - 7:12
Normal Defense
1 - 46% - 44% - 19:59
2 - 30% - 33% - 13:18
3 - 24% - 23% - 10:28
4 - 0% - 0% - 0:00
PP Forward
1 - 53% - 60% - 3:10
2 - 47% - 40% - 2:47
PP Defense
1 - 58% - 60% - 3:27
2 - 42% - 40% - 2:30
PK Forward
1 - 75% - 60% - 6:31
2 - 25% - 40% - 2:11
PK Defense
1 - 74% - 60% - 6:25
2 - 26% - 40% - 2:17
PK3 Forward
1 - 79% - 60% - 1:16
2 - 21% - 40% - 0:20
PK3 Defense
1 - 56% - 60% - 0:54
2 - 44% - 40% - 0:42
44 Forward
1 - 0% - 60%
2 - 0% - 40%
44 Defense
1 - 0% - 60%
2 - 0% - 40%
Last Minute Offensive - 0:00
Last Minute Defensive - 0:00
Total
Forward - 60:00
Defense - 60:00
|
Play-by-Play
1st period
0:01 of 1st period - Patrice Cormier wins face-off versus Melker Karlsson in neutral zone.
0:04 of 1st period - Slapshot by Yannick Weber.
0:04 of 1st period - Deflect By Teuvo Teravainen.
0:04 of 1st period - Stopped by Joacim Eriksson with a rebound.
0:52 of 1st period - Jeffrey Foss is hit by Stefan Matteau.
1:24 of 1st period - Snap shot by Ladislav Nagy.
1:24 of 1st period - Stopped by Joacim Eriksson with a rebound.
1:29 of 1st period - Off-side.
1:30 of 1st period - Melker Karlsson wins face-off versus Zachary Sanford in neutral zone.
1:55 of 1st period - Josh Jooris is hit by Blake Pietila.
1:59 of 1st period - Slapshot by Damon Severson.
1:59 of 1st period - Stopped by Laurent Brossoit with a rebound.
2:37 of 1st period - Snap shot by Alexei Morozov.
2:37 of 1st period - Stopped by Joacim Eriksson with a rebound.
3:01 of 1st period - Snap shot by Patrice Cormier.
3:01 of 1st period - Stopped by Joacim Eriksson without a rebound.
3:02 of 1st period - JT Compher wins face-off versus Kyle Rau in Mustangs zone.
3:07 of 1st period - Brady Skjei is hit by Keaton Ellerby.
3:13 of 1st period - Wrist shot by Kyle Rau.
3:13 of 1st period - Shot Misses the Net.
3:15 of 1st period - Slapshot by Kyle Rau.
3:15 of 1st period - Stopped by Joacim Eriksson with a rebound.
3:17 of 1st period - Wrist shot by Keaton Ellerby.
3:17 of 1st period - Shot Blocked by Damon Severson.
3:29 of 1st period - Alexandre Grenier is hit by Andrew Shaw and loses puck.
3:34 of 1st period - Snap shot by Andrew Shaw.
3:34 of 1st period - Stopped by Laurent Brossoit without a rebound.
3:35 of 1st period - Melker Karlsson wins face-off versus Martin Hanzal in Blackdemons zone.
3:44 of 1st period - Slapshot by James Livingstone.
3:44 of 1st period - Shot Blocked by Melker Karlsson.
3:46 of 1st period - Slapshot by Matt Grzelcyk.
3:46 of 1st period - Deflect By Derek Joslin.
3:46 of 1st period - Stopped by Joacim Eriksson without a rebound.
3:47 of 1st period - Jim O'Brien wins face-off versus Patrice Cormier in Mustangs zone.
4:11 of 1st period - Icing by Alexei Morozov.
4:12 of 1st period - Kyle Rau wins face-off versus Melker Karlsson in Blackdemons zone.
4:20 of 1st period - Icing by Mark Pysyk.
4:21 of 1st period - Scott Timmins wins face-off versus Melker Karlsson in Mustangs zone.
4:41 of 1st period - Snap shot by Melker Karlsson.
4:41 of 1st period - Stopped by Laurent Brossoit with a rebound.
4:43 of 1st period - Wrist shot by Melker Karlsson.
4:43 of 1st period - Goal by Melker Karlsson - Blackdemons : 0 - Mustangs : 1.
4:44 of 1st period - Kyle Rau wins face-off versus Michael McCarron in neutral zone.
5:06 of 1st period - Icing by Tommy Vannelli.
5:07 of 1st period - Josh Jooris wins face-off versus Patrice Cormier in Blackdemons zone.
5:08 of 1st period - Wrist shot by Jim O'Brien.
5:08 of 1st period - Shot Hit the Post.
5:42 of 1st period - Andrew Shaw is hit by Roman Josi and loses puck.
5:57 of 1st period - Roman Josi is hit by Joshua Leivo and loses puck.
6:22 of 1st period - Snap shot by Sergei Plotnikov.
6:22 of 1st period - Stopped by Joacim Eriksson with a rebound.
6:32 of 1st period - Snap shot by Martin Hanzal.
6:32 of 1st period - Stopped by Joacim Eriksson without a rebound.
6:33 of 1st period - Patrice Cormier wins face-off versus Melker Karlsson in Mustangs zone.
6:48 of 1st period - Snap shot by Melker Karlsson.
6:48 of 1st period - Shot Blocked by Yannick Weber.
6:54 of 1st period - Minor Penalty to Yannick Weber for Roughing.
6:55 of 1st period - Patrice Cormier wins face-off versus Melker Karlsson in Blackdemons zone.
7:29 of 1st period - Snap shot by Josh Jooris.
7:29 of 1st period - Stopped by Laurent Brossoit with a rebound.
8:54 of 1st period - Penalty to Yannick Weber is over, Yannick Weber is back on ice.
9:29 of 1st period - Icing by Kyle Rau.
9:30 of 1st period - Martin Hanzal wins face-off versus Stefan Matteau in Blackdemons zone.
9:53 of 1st period - Jeffrey Foss is hit by Damon Severson and loses puck.
9:59 of 1st period - Off-side.
10:00 of 1st period - Scott Timmins wins face-off versus Melker Karlsson in neutral zone.
10:11 of 1st period - Wrist shot by Ladislav Nagy.
10:11 of 1st period - Shot Blocked by Alexei Marchenko.
10:17 of 1st period - Yannick Weber is hit by Andrew Shaw and loses puck.
11:17 of 1st period - Slapshot by Alexei Morozov.
11:17 of 1st period - Stopped by Joacim Eriksson without a rebound.
11:18 of 1st period - Melker Karlsson wins face-off versus Patrice Cormier in Mustangs zone.
11:23 of 1st period - Wrist shot by Andrew Shaw.
11:23 of 1st period - Shot Blocked by Brett Kulak.
11:25 of 1st period - Wrist shot by Melker Karlsson.
11:25 of 1st period - Deflect By Teuvo Teravainen.
11:25 of 1st period - Goal by Teuvo Teravainen - Blackdemons : 0 - Mustangs : 2.
11:26 of 1st period - Kyle Rau wins face-off versus Melker Karlsson in neutral zone.
11:29 of 1st period - Wrist shot by Alexei Morozov.
11:29 of 1st period - Stopped by Joacim Eriksson with a rebound.
11:31 of 1st period - Wrist shot by Kyle Rau.
11:31 of 1st period - Shot Misses the Net.
12:11 of 1st period - Wrist shot by Teuvo Teravainen.
12:11 of 1st period - Shot Misses the Net.
12:23 of 1st period - Snap shot by Ladislav Nagy.
12:23 of 1st period - Shot Blocked by Brady Skjei.
12:25 of 1st period - Wrist shot by Yannick Weber.
12:25 of 1st period - Shot Blocked by Damon Severson.
12:35 of 1st period - Wrist shot by Ladislav Nagy.
12:35 of 1st period - Stopped by Joacim Eriksson with a rebound.
12:37 of 1st period - Snap shot by Ladislav Nagy.
12:37 of 1st period - Shot Misses the Net.
12:39 of 1st period - Snap shot by Ladislav Nagy.
12:39 of 1st period - Stopped by Joacim Eriksson without a rebound.
12:40 of 1st period - Jim O'Brien wins face-off versus Patrice Cormier in Mustangs zone.
12:51 of 1st period - Snap shot by Jim O'Brien.
12:51 of 1st period - Stopped by Laurent Brossoit without a rebound.
12:52 of 1st period - Blake Pietila wins face-off versus Stefan Matteau in Blackdemons zone.
12:57 of 1st period - Wrist shot by Patrice Cormier.
12:57 of 1st period - Stopped by Joacim Eriksson without a rebound.
12:58 of 1st period - Patrice Cormier wins face-off versus Stefan Matteau in Mustangs zone.
13:05 of 1st period - Snap shot by Alexandre Grenier.
13:05 of 1st period - Stopped by Joacim Eriksson without a rebound.
13:06 of 1st period - Kyle Rau wins face-off versus Jim O'Brien in Mustangs zone.
13:45 of 1st period - Wrist shot by Alexei Morozov.
13:45 of 1st period - Stopped by Joacim Eriksson with a rebound.
13:47 of 1st period - Snap shot by Kyle Rau.
13:47 of 1st period - Shot Blocked by Andrew Shaw.
13:49 of 1st period - Wrist shot by Jeffrey Foss.
13:49 of 1st period - Stopped by Joacim Eriksson without a rebound.
13:50 of 1st period - Patrice Cormier wins face-off versus Stefan Matteau in Mustangs zone.
13:56 of 1st period - Minor Penalty to Joshua Leivo for Slashing.
13:57 of 1st period - Patrice Cormier wins face-off versus Melker Karlsson in Mustangs zone.
14:01 of 1st period - Snap shot by Alexei Morozov.
14:01 of 1st period - Stopped by Joacim Eriksson without a rebound.
14:02 of 1st period - Melker Karlsson wins face-off versus Patrice Cormier in Mustangs zone.
14:07 of 1st period - Melker Karlsson is hit by Patrice Cormier and loses puck.
14:16 of 1st period - Snap shot by Patrice Cormier.
14:16 of 1st period - Stopped by Joacim Eriksson without a rebound.
14:17 of 1st period - Kyle Rau wins face-off versus Melker Karlsson in Mustangs zone.
15:34 of 1st period - Snap shot by Josh Jooris.
15:34 of 1st period - Stopped by Laurent Brossoit without a rebound.
15:35 of 1st period - Kyle Rau wins face-off versus Stefan Matteau in Blackdemons zone.
15:56 of 1st period - Penalty to Joshua Leivo is over, Joshua Leivo is back on ice.
16:00 of 1st period - Alexei Marchenko is hit by Keaton Ellerby and loses puck.
16:11 of 1st period - Slapshot by Josh Jooris.
16:11 of 1st period - Shot Misses the Net.
16:20 of 1st period - Off-side.
16:21 of 1st period - Michael McCarron wins face-off versus Martin Hanzal in neutral zone.
16:26 of 1st period - Wrist shot by Jerome Samson.
16:26 of 1st period - Shot Hit the Post.
16:28 of 1st period - Slapshot by Damon Severson.
16:28 of 1st period - Shot Blocked by Martin Hanzal.
16:30 of 1st period - Wrist shot by Damon Severson.
16:30 of 1st period - Stopped by Laurent Brossoit without a rebound.
16:31 of 1st period - James Livingstone wins face-off versus Michael McCarron in Blackdemons zone.
16:54 of 1st period - Sergei Plotnikov is hit by Michael McCarron.
17:00 of 1st period - Backhand shot by Martin Hanzal.
17:00 of 1st period - Goal by Martin Hanzal - Blackdemons : 1 - Mustangs : 2.
17:01 of 1st period - Patrice Cormier wins face-off versus Jim O'Brien in neutral zone.
17:01 of 1st period - Keaton Ellerby is hit by Damon Severson and loses puck.
17:06 of 1st period - Slapshot by Josh Jooris.
17:06 of 1st period - Shot Misses the Net.
17:53 of 1st period - Wrist shot by Scott Timmins.
17:53 of 1st period - Deflect By Pascal Dupuis.
17:53 of 1st period - Shot Hit the Post.
17:53 of 1st period - Puck is out of play.
17:54 of 1st period - Patrice Cormier wins face-off versus Jim O'Brien in Mustangs zone.
18:01 of 1st period - Slapshot by Blake Pietila.
18:01 of 1st period - Goal by Blake Pietila - Blackdemons : 2 - Mustangs : 2.
18:02 of 1st period - Josh Jooris wins face-off versus Patrice Cormier in neutral zone.
18:05 of 1st period - Blake Pietila is hit by Brady Skjei and loses puck.
Goals for this period are 2 for Blackdemons vs 2 for Mustangs.
Shots for this period are 20 for Blackdemons vs 9 for Mustangs.
2nd period
0:01 of 2nd period - Melker Karlsson wins face-off versus Patrice Cormier in neutral zone.
0:04 of 2nd period - Jeffrey Foss is hit by Andrew Shaw and loses puck.
0:32 of 2nd period - Minor Penalty to JT Compher for Hooking.
0:33 of 2nd period - Melker Karlsson wins face-off versus Kyle Rau in Mustangs zone.
0:55 of 2nd period - Minor Penalty to Josh Jooris for Interference.
0:56 of 2nd period - Melker Karlsson wins face-off versus Patrice Cormier in Mustangs zone.
2:29 of 2nd period - Blake Pietila is hit by Mark Pysyk and loses puck.
2:32 of 2nd period - Penalty to JT Compher is over, JT Compher is back on ice.
2:34 of 2nd period - Snap shot by Stefan Matteau.
2:34 of 2nd period - Stopped by Laurent Brossoit with a rebound.
2:36 of 2nd period - Slapshot by Alexei Marchenko.
2:36 of 2nd period - Shot Misses the Net.
2:38 of 2nd period - Wrist shot by JT Compher.
2:38 of 2nd period - Shot Blocked by Alexei Morozov.
2:42 of 2nd period - Snap shot by Stefan Matteau.
2:42 of 2nd period - Stopped by Laurent Brossoit with a rebound.
2:48 of 2nd period - Slapshot by Mark Pysyk.
2:48 of 2nd period - Stopped by Laurent Brossoit without a rebound.
2:49 of 2nd period - Melker Karlsson wins face-off versus Kyle Rau in Blackdemons zone.
2:55 of 2nd period - Penalty to Josh Jooris is over, Josh Jooris is back on ice.
3:35 of 2nd period - Snap shot by Kyle Rau.
3:35 of 2nd period - Shot Misses the Net.
3:45 of 2nd period - Slapshot by Brady Skjei.
3:45 of 2nd period - Stopped by Laurent Brossoit without a rebound.
3:46 of 2nd period - Michael McCarron wins face-off versus Scott Timmins in Blackdemons zone.
3:53 of 2nd period - Slapshot by Mark Pysyk.
3:53 of 2nd period - Stopped by Laurent Brossoit with a rebound.
4:12 of 2nd period - Jeffrey Foss is hit by Josh Jooris and loses puck.
5:17 of 2nd period - Icing by Yannick Weber.
5:18 of 2nd period - Alexandre Grenier wins face-off versus Jim O'Brien in Blackdemons zone.
5:44 of 2nd period - Snap shot by Jerome Samson.
5:44 of 2nd period - Shot Misses the Net.
5:46 of 2nd period - Snap shot by Jerome Samson.
5:46 of 2nd period - Shot Blocked by Zachary Sanford.
5:48 of 2nd period - Snap shot by Scott Mayfield.
5:48 of 2nd period - Shot Blocked by Roman Josi.
5:50 of 2nd period - Slapshot by Jerome Samson.
5:50 of 2nd period - Stopped by Laurent Brossoit with a rebound.
5:56 of 2nd period - Minor Penalty to Brett Kulak for Roughing.
5:57 of 2nd period - Patrice Cormier wins face-off versus Melker Karlsson in Blackdemons zone.
6:06 of 2nd period - Wrist shot by Andrew Shaw.
6:06 of 2nd period - Shot Misses the Net.
6:10 of 2nd period - Slapshot by Melker Karlsson.
6:10 of 2nd period - Shot Misses the Net.
6:12 of 2nd period - Snap shot by Brady Skjei.
6:12 of 2nd period - Shot Misses the Net.
6:22 of 2nd period - Keaton Ellerby is hit by JT Compher and loses puck.
6:31 of 2nd period - Slapshot by Jim O'Brien.
6:31 of 2nd period - Shot Hit the Post.
7:45 of 2nd period - Damon Severson is hit by Blake Pietila and loses puck.
7:56 of 2nd period - Penalty to Brett Kulak is over, Brett Kulak is back on ice.
8:14 of 2nd period - Roman Josi is hit by Alexei Marchenko and loses puck.
10:47 of 2nd period - Wrist shot by Alexandre Grenier.
10:47 of 2nd period - Stopped by Joacim Eriksson without a rebound.
10:48 of 2nd period - Patrice Cormier wins face-off versus Stefan Matteau in Mustangs zone.
11:16 of 2nd period - Off-side.
11:17 of 2nd period - Melker Karlsson wins face-off versus Kyle Rau in neutral zone.
11:42 of 2nd period - Alexandre Grenier is hit by Jim O'Brien and loses puck.
11:51 of 2nd period - Snap shot by Alexandre Grenier.
11:51 of 2nd period - Stopped by Joacim Eriksson with a rebound.
11:53 of 2nd period - Wrist shot by Yannick Weber.
11:53 of 2nd period - Deflect By Patrice Cormier.
11:53 of 2nd period - Goal by Patrice Cormier - Blackdemons : 3 - Mustangs : 2.
11:54 of 2nd period - Patrice Cormier wins face-off versus Teuvo Teravainen in neutral zone.
11:57 of 2nd period - Slapshot by Yannick Weber.
11:57 of 2nd period - Deflect By Alexandre Grenier.
11:57 of 2nd period - Stopped by Joacim Eriksson with a rebound.
11:59 of 2nd period - Snap shot by Alexandre Grenier.
11:59 of 2nd period - Shot Misses the Net.
12:19 of 2nd period - Keaton Ellerby is hit by Josh Jooris and loses puck.
13:06 of 2nd period - Slapshot by Teuvo Teravainen.
13:06 of 2nd period - Stopped by Laurent Brossoit with a rebound.
13:26 of 2nd period - Snap shot by Ladislav Nagy.
13:26 of 2nd period - Stopped by Joacim Eriksson without a rebound.
13:27 of 2nd period - Jim O'Brien wins face-off versus Patrice Cormier in Mustangs zone.
13:32 of 2nd period - JT Compher is hit by Robbie Russo and loses puck.
14:39 of 2nd period - Jerome Samson is hit by Alexei Morozov.
14:55 of 2nd period - Minor Penalty to Brett Kulak for High sticking.
14:56 of 2nd period - Melker Karlsson wins face-off versus Kyle Rau in Blackdemons zone.
14:57 of 2nd period - Slapshot by Brady Skjei.
14:57 of 2nd period - Deflect By Sergei Plotnikov.
14:57 of 2nd period - Stopped by Laurent Brossoit with a rebound.
15:46 of 2nd period - Melker Karlsson is hit by Ladislav Nagy and loses puck.
16:55 of 2nd period - Penalty to Brett Kulak is over, Brett Kulak is back on ice.
17:27 of 2nd period - Mark Pysyk is hit by Brett Kulak and loses puck.
17:42 of 2nd period - James Livingstone is hit by Michael McCarron and loses puck.
17:58 of 2nd period - Icing by Joshua Leivo.
17:59 of 2nd period - Melker Karlsson wins face-off versus Scott Timmins in Mustangs zone.
18:16 of 2nd period - Alexandre Grenier is hit by Scott Mayfield and loses puck.
18:49 of 2nd period - Icing by Kyle Rau.
18:50 of 2nd period - Kyle Rau wins face-off versus Melker Karlsson in Blackdemons zone.
19:03 of 2nd period - Snap shot by Alexei Morozov.
19:03 of 2nd period - Shot Blocked by Derek Joslin.
19:05 of 2nd period - Slapshot by Alexei Morozov.
19:05 of 2nd period - Blackdemons goal is going for a video replay.
19:05 of 2nd period - The goal is good.
19:05 of 2nd period - Goal by Alexei Morozov - Blackdemons : 4 - Mustangs : 2.
19:06 of 2nd period - Patrice Cormier wins face-off versus Melker Karlsson in neutral zone.
19:15 of 2nd period - Slapshot by Blake Pietila.
19:15 of 2nd period - Shot Misses the Net.
19:21 of 2nd period - Keaton Ellerby is hit by Andrew Shaw and loses puck.
19:43 of 2nd period - Snap shot by Alexei Morozov.
19:43 of 2nd period - Shot Blocked by Alexei Marchenko.
19:45 of 2nd period - Snap shot by Alexei Morozov.
19:45 of 2nd period - Deflect By Mark Pysyk.
19:45 of 2nd period - Shot Blocked by JT Compher.
19:45 of 2nd period - Puck is out of play.
19:46 of 2nd period - Scott Timmins wins face-off versus Melker Karlsson in Mustangs zone.
Goals for this period are 2 for Blackdemons vs 0 for Mustangs.
Shots for this period are 6 for Blackdemons vs 8 for Mustangs.
3rd period
0:01 of 3rd period - Melker Karlsson wins face-off versus Patrice Cormier in neutral zone.
0:06 of 3rd period - Snap shot by Blake Pietila.
0:06 of 3rd period - Shot Misses the Net.
0:08 of 3rd period - Slapshot by Yannick Weber.
0:08 of 3rd period - Shot Blocked by Damon Severson.
0:12 of 3rd period - Snap shot by Patrice Cormier.
0:12 of 3rd period - Shot Blocked by Andrew Shaw.
0:14 of 3rd period - Slapshot by Keaton Ellerby.
0:14 of 3rd period - Stopped by Joacim Eriksson with a rebound.
0:16 of 3rd period - Snap shot by Blake Pietila.
0:16 of 3rd period - Deflect By Patrice Cormier.
0:16 of 3rd period - Stopped by Joacim Eriksson with a rebound.
0:56 of 3rd period - Slapshot by Scott Timmins.
0:56 of 3rd period - Goal by Scott Timmins - Blackdemons : 5 - Mustangs : 2.
0:57 of 3rd period - Patrice Cormier wins face-off versus Melker Karlsson in neutral zone.
1:24 of 3rd period - JT Compher is hit by Keaton Ellerby and loses puck.
1:37 of 3rd period - Snap shot by Jim O'Brien.
1:37 of 3rd period - Shot Misses the Net.
1:51 of 3rd period - Kyle Rau is hit by Mark Pysyk and loses puck.
2:00 of 3rd period - Slapshot by Stefan Matteau.
2:00 of 3rd period - Stopped by Laurent Brossoit with a rebound.
2:16 of 3rd period - Michael McCarron is hit by Patrice Cormier and loses puck.
2:37 of 3rd period - Slapshot by Martin Hanzal.
2:37 of 3rd period - Goal by Martin Hanzal - Blackdemons : 6 - Mustangs : 2.
2:38 of 3rd period - Melker Karlsson wins face-off versus Patrice Cormier in neutral zone.
2:49 of 3rd period - Yannick Weber is hit by Andrew Shaw.
3:20 of 3rd period - Snap shot by Zachary Sanford.
3:20 of 3rd period - Shot Blocked by Pascal Dupuis.
3:58 of 3rd period - Wrist shot by Sergei Plotnikov.
3:58 of 3rd period - Stopped by Joacim Eriksson without a rebound.
3:59 of 3rd period - Alexandre Grenier wins face-off versus Melker Karlsson in Mustangs zone.
4:15 of 3rd period - Off-side.
4:16 of 3rd period - Kyle Rau wins face-off versus Jim O'Brien in neutral zone.
4:25 of 3rd period - Wrist shot by Zachary Sanford.
4:25 of 3rd period - Deflect By Alexei Morozov.
4:25 of 3rd period - Shot Misses the Net.
4:25 of 3rd period - Puck is out of play.
4:26 of 3rd period - Kyle Rau wins face-off versus JT Compher in Mustangs zone.
5:00 of 3rd period - Slapshot by Zachary Sanford.
5:00 of 3rd period - Shot Misses the Net.
5:06 of 3rd period - Snap shot by Alexei Morozov.
5:06 of 3rd period - Stopped by Joacim Eriksson without a rebound.
5:07 of 3rd period - Melker Karlsson wins face-off versus Patrice Cormier in Mustangs zone.
5:13 of 3rd period - Off-side.
5:14 of 3rd period - Melker Karlsson wins face-off versus Patrice Cormier in neutral zone.
5:25 of 3rd period - Snap shot by Melker Karlsson.
5:25 of 3rd period - Shot Blocked by Robbie Russo.
5:27 of 3rd period - Slapshot by Teuvo Teravainen.
5:27 of 3rd period - Stopped by Laurent Brossoit without a rebound.
5:28 of 3rd period - Jim O'Brien wins face-off versus Kyle Rau in Blackdemons zone.
5:31 of 3rd period - Snap shot by Jim O'Brien.
5:31 of 3rd period - Shot Misses the Net.
5:33 of 3rd period - Slapshot by JT Compher.
5:33 of 3rd period - Stopped by Laurent Brossoit with a rebound.
5:35 of 3rd period - Wrist shot by Josh Jooris.
5:35 of 3rd period - Shot Blocked by Alexei Morozov.
5:37 of 3rd period - Slapshot by Brady Skjei.
5:37 of 3rd period - Deflect By Josh Jooris.
5:37 of 3rd period - Stopped by Laurent Brossoit with a rebound.
6:49 of 3rd period - Slapshot by Alexei Marchenko.
6:49 of 3rd period - Stopped by Laurent Brossoit without a rebound.
6:50 of 3rd period - Jim O'Brien wins face-off versus Patrice Cormier in Blackdemons zone.
6:59 of 3rd period - Blake Pietila is hit by Alexei Marchenko and loses puck.
7:26 of 3rd period - Snap shot by Ladislav Nagy.
7:26 of 3rd period - Goal by Ladislav Nagy - Blackdemons : 7 - Mustangs : 2.
7:26 of 3rd period - Chet Pickard enters game.
7:27 of 3rd period - Patrice Cormier wins face-off versus Melker Karlsson in neutral zone.
7:33 of 3rd period - Damon Severson and Keaton Ellerby fight to a draw.
7:33 of 3rd period - Penalty to Damon Severson for Fighting.
7:33 of 3rd period - Penalty to Keaton Ellerby for Fighting.
7:34 of 3rd period - Patrice Cormier wins face-off versus Melker Karlsson in Mustangs zone.
7:35 of 3rd period - Snap shot by Alexandre Grenier.
7:35 of 3rd period - Deflect By Brady Skjei.
7:35 of 3rd period - Shot Misses the Net.
7:35 of 3rd period - Puck is out of play.
7:36 of 3rd period - Melker Karlsson wins face-off versus Patrice Cormier in Mustangs zone.
7:38 of 3rd period - Minor Penalty to Andrew Shaw for Roughing.
7:39 of 3rd period - Kyle Rau wins face-off versus Melker Karlsson in Mustangs zone.
8:05 of 3rd period - Melker Karlsson is hit by Jeffrey Foss and loses puck.
8:16 of 3rd period - Snap shot by Alexei Morozov.
8:16 of 3rd period - Stopped by Chet Pickard without a rebound.
8:17 of 3rd period - Kyle Rau wins face-off versus Melker Karlsson in Mustangs zone.
8:30 of 3rd period - Slapshot by Roman Josi.
8:30 of 3rd period - Shot Blocked by Brady Skjei.
8:32 of 3rd period - Slapshot by Roman Josi.
8:32 of 3rd period - Deflect By Zachary Sanford.
8:32 of 3rd period - Stopped by Chet Pickard without a rebound.
8:33 of 3rd period - Melker Karlsson wins face-off versus Patrice Cormier in Mustangs zone.
8:51 of 3rd period - Josh Jooris is hit by Jeffrey Foss and loses puck.
9:38 of 3rd period - Penalty to Andrew Shaw is over, Andrew Shaw is back on ice.
10:25 of 3rd period - Off-side.
10:26 of 3rd period - Melker Karlsson wins face-off versus Patrice Cormier in neutral zone.
10:53 of 3rd period - Kyle Rau is hit by Josh Jooris and loses puck.
10:58 of 3rd period - Slapshot by Brady Skjei.
10:58 of 3rd period - Deflect By Jim O'Brien.
10:58 of 3rd period - Stopped by Laurent Brossoit with a rebound.
11:00 of 3rd period - Slapshot by Derek Joslin.
11:00 of 3rd period - Deflect By Josh Jooris.
11:00 of 3rd period - Shot Misses the Net.
11:00 of 3rd period - Puck is out of play.
11:01 of 3rd period - Scott Timmins wins face-off versus Jim O'Brien in Blackdemons zone.
11:26 of 3rd period - Alexei Marchenko is hit by Roman Josi and loses puck.
11:46 of 3rd period - Minor Penalty to Derek Joslin for Cross-checking.
11:47 of 3rd period - Melker Karlsson wins face-off versus Kyle Rau in Mustangs zone.
12:33 of 3rd period - Penalty to Damon Severson is over, Damon Severson is back on ice.
13:46 of 3rd period - Penalty to Derek Joslin is over, Derek Joslin is back on ice.
14:09 of 3rd period - Snap shot by Sergei Plotnikov.
14:09 of 3rd period - Stopped by Chet Pickard without a rebound.
14:10 of 3rd period - Scott Timmins wins face-off versus Michael McCarron in Mustangs zone.
14:19 of 3rd period - Wrist shot by Ladislav Nagy.
14:19 of 3rd period - Stopped by Chet Pickard with a rebound.
14:39 of 3rd period - Snap shot by Teuvo Teravainen.
14:39 of 3rd period - Stopped by Laurent Brossoit with a rebound.
14:56 of 3rd period - Josh Jooris is hit by Martin Hanzal and loses puck.
15:18 of 3rd period - Off-side.
15:19 of 3rd period - Stefan Matteau wins face-off versus Patrice Cormier in neutral zone.
15:22 of 3rd period - Wrist shot by Joshua Leivo.
15:22 of 3rd period - Stopped by Laurent Brossoit with a rebound.
15:23 of 3rd period - Brady Skjei and Yannick Weber fight to a draw.
15:23 of 3rd period - Penalty to Brady Skjei for Fighting.
15:23 of 3rd period - Penalty to Yannick Weber for Fighting.
15:24 of 3rd period - Patrice Cormier wins face-off versus Melker Karlsson in Blackdemons zone.
15:26 of 3rd period - Teuvo Teravainen beats up Alexandre Grenier.
15:26 of 3rd period - Penalty to Teuvo Teravainen for Fighting.
15:26 of 3rd period - Penalty to Alexandre Grenier for Fighting.
15:27 of 3rd period - Melker Karlsson wins face-off versus Patrice Cormier in neutral zone.
15:30 of 3rd period - Slapshot by Andrew Shaw.
15:30 of 3rd period - Stopped by Laurent Brossoit with a rebound.
15:32 of 3rd period - Slapshot by Damon Severson.
15:32 of 3rd period - Shot Blocked by Blake Pietila.
15:34 of 3rd period - Slapshot by Damon Severson.
15:34 of 3rd period - Deflect By Andrew Shaw.
15:34 of 3rd period - Stopped by Laurent Brossoit with a rebound.
16:01 of 3rd period - Wrist shot by Joshua Leivo.
16:01 of 3rd period - Shot Misses the Net.
16:17 of 3rd period - Snap shot by Martin Hanzal.
16:17 of 3rd period - Deflect By Sergei Plotnikov.
16:17 of 3rd period - Stopped by Chet Pickard with a rebound.
16:19 of 3rd period - Slapshot by Jeffrey Foss.
16:19 of 3rd period - Shot Misses the Net.
16:48 of 3rd period - Icing by Jim O'Brien.
16:49 of 3rd period - Patrice Cormier wins face-off versus Melker Karlsson in Mustangs zone.
17:00 of 3rd period - Snap shot by Stefan Matteau.
17:00 of 3rd period - Stopped by Laurent Brossoit with a rebound.
17:02 of 3rd period - Slapshot by Derek Joslin.
17:02 of 3rd period - Deflect By Andrew Shaw.
17:02 of 3rd period - Stopped by Laurent Brossoit with a rebound.
17:44 of 3rd period - Snap shot by Martin Hanzal.
17:44 of 3rd period - Shot Blocked by Damon Severson.
17:46 of 3rd period - Wrist shot by James Livingstone.
17:46 of 3rd period - Stopped by Chet Pickard with a rebound.
17:52 of 3rd period - Minor Penalty to Michael McCarron for Hooking.
17:53 of 3rd period - Patrice Cormier wins face-off versus Melker Karlsson in Mustangs zone.
19:52 of 3rd period - Penalty to Michael McCarron is over, Michael McCarron is back on ice.
Goals for this period are 3 for Blackdemons vs 0 for Mustangs.
Shots for this period are 13 for Blackdemons vs 12 for Mustangs.
Back to the Top